Map: Ruins of Endion

Players

Miszu

  • Race: Terran Terran
  • League: Master

Perplex (Elazer) - Winner!

  • Race: Zerg Zerg
  • League: Diamond

VOD

Have the link to the VOD?

Description

Time

  • Played on: March 28, 2016, 3:38 p.m.
  • Length: 12:48
Show
View Real Time Build Order
Export as new Build Order

Miszu Terran 

Build Orders: MMM Bio 

Get SALT Encoding   

  12  0:01  SCV  
  13  0:14  SCV  
  14  0:24  Supply Depot  
  14  0:26  SCV  
  15  0:44  Refinery  
  15  0:45  Barracks, SCV  
  16  0:57  SCV  
  16  1:02  Barracks  
  17  1:09  SCV  
  18  1:21  SCV  
  18  1:25  Barracks  
  19  1:33  Reaper  
  19  1:34  SCV  
  19  1:39  Refinery  
  21  1:49  Orbital Command  
  21  1:53  Reaper  
  22  2:05  Reaper  
  23  2:17  Supply Depot  
  23  2:39  Reaper x3, SCV  
  27  2:50  Supply Depot  
  27  2:51  SCV  
  28  3:03  SCV  
  29  3:11  Reaper x2  
  30  3:13  Reaper  
  30  3:17  SCV  
  30  3:19  Command Center  
  32  3:29  SCV  
  33  3:41  SCV  
  33  3:43  Command Center  
  33  3:46  Barracks Reactor  
  33  3:47  Barracks Tech Lab  
  34  3:50  Barracks Tech Lab  
  35  3:55  SCV  
  34  4:10  SCV  
  34  4:13  Marine x2, Combat Shields  
  34  4:14  Stimpack  
  37  4:22  SCV  
  38  4:26  Marine  
  38  4:30  Marine x2  
  41  4:31  Orbital Command  
  41  4:34  SCV  
  41  4:36  Marine  
  43  4:44  Marine  
  41  4:46  SCV  
  41  4:48  Marine x2  
  44  4:55  Orbital Command  
  44  4:58  SCV  
  44  4:59  Factory  
  45  5:00  SCV  
  45  5:02  Marine  
  47  5:09  Supply Depot  
  47  5:10  SCV  
  47  5:13  Marine, SCV  
  47  5:14  Marine  
  51  5:20  SCV  
  52  5:22  Marine, SCV  
  52  5:25  SCV  
  52  5:26  Marine  
  56  5:31  Supply Depot, Marine  
  56  5:32  Marine  
  56  5:33  SCV  
  56  5:34  SCV  
  60  5:37  SCV  
  60  5:39  Engineering Bay  
  60  5:40  Marine  
  60  5:42  Engineering Bay  
  62  5:44  Refinery  
  62  5:45  Refinery  
  62  5:47  SCV  
  65  5:51  Starport  
  65  5:52  Factory Reactor  
  65  5:55  SCV  
  64  5:58  Supply Depot  
  64  6:01  Marine x4  
  64  6:03  SCV  
  69  6:10  Terran Infantry Weapons Level 1, Terran Infantry Armor Level 1, Orbital Command  
  69  6:15  Barracks  
  69  6:16  Barracks  
  69  6:18  SCV x2  
  71  6:20  Marine  
  71  6:24  Supply Depot  
  72  6:26  Marine  
  72  6:30  SCV x2  
  72  6:31  Marine x2  
  77  6:37  SCV  
  77  6:38  Factory Tech Lab  
  78  6:42  SCV x2  
  78  6:43  Supply Depot  
  80  6:47  Supply Depot, Medivac x2  
  80  6:48  Marine x2  
  80  6:53  SCV  
  87  6:55  Armory  
  87  6:57  SCV x2  
  87  6:59  Marine  
  90  7:03  Siege Tank  
  90  7:05  SCV  
  94  7:08  Barracks Reactor  
  94  7:09  SCV x2  
  94  7:10  Barracks Reactor  
  96  7:17  SCV  
  96  7:18  Supply Depot  
  96  7:21  SCV x2  
  99  7:26  Marine x3, Marauder  
  99  7:29  SCV  
  105  7:33  SCV  
  106  7:37  Missile Turret  
  106  7:39  Missile Turret  
  106  7:41  Missile Turret  
  106  7:43  Marine  
  106  7:44  Marine, Marauder  
  108  7:47  Marine  
  111  7:51  Marine  
  111  7:55  Thor  
  111  7:57  Marine x2, Terran Vehicle Weapons Level 1  
  111  7:58  Marine  
  118  8:01  Marine  
  118  8:05  Marauder, Terran Infantry Weapons Level 2  
  120  8:06  Terran Infantry Armor Level 2, Marauder  
  121  8:17  Marine  
  114  8:26  Marine  
  114  8:27  Marauder  
  110  8:31  Marine x5  
  110  8:33  Medivac x2  
  119  8:35  Marine  
  119  8:38  Barracks  
  119  8:39  Barracks  
  119  8:40  Barracks  
  117  8:44  Marine  
  117  8:47  Marine  
  116  8:52  Barracks  
  116  8:54  Marauder  
  106  9:02  Marine  
  106  9:03  Marine x5  
  106  9:04  Medivac x2  
  106  9:06  Marauder, Siege Tank  
  121  9:12  Supply Depot  
  121  9:13  Supply Depot  
  121  9:16  Supply Depot, Marauder  
  123  9:20  Marine  
  123  9:21  Marine  
  125  9:32  Marine  
  125  9:33  Marine  
  125  9:34  Marine x2, Marauder, SCV  
  125  9:36  Marine  
  131  9:44  Marine x3  
  131  9:45  Medivac x2, Thor, Missile Turret  
  143  9:48  Missile Turret  
  143  9:50  Missile Turret  
  143  9:51  Marine  
  146  9:55  Marauder  
  146  9:57  Command Center  
  149  10:00  Barracks Reactor  
  149  10:03  Missile Turret  
  149  10:04  Barracks Reactor  
  149  10:05  Barracks Tech Lab  
  143  10:09  Marine x4, Marauder  
  149  10:19  Supply Depot  
  149  10:20  Supply Depot  
  149  10:21  Supply Depot  
  149  10:22  Marine  
  149  10:23  Supply Depot, Marauder  
  152  10:31  Marauder x2  
  152  10:33  Marine  
  157  10:39  Marine x3  
  157  10:40  Marine x4  
  157  10:41  Marine  
  157  10:42  Marine  
  166  10:44  Marauder  
  165  10:51  Marine  
  165  10:52  Marauder  
  168  10:57  Marine x6  
  168  11:00  Engineering Bay  
  168  11:02  Engineering Bay  
  143  11:17  Marine  
  143  11:18  Marine x6, Marauder  
  131  11:19  Marine  
  131  11:24  Marine x2  
  136  11:35  Marine  
  136  11:36  Medivac x2  
  141  11:43  Missile Turret  
  141  11:47  Marine, Marauder  
  141  11:50  Marine  
  142  12:02  Marine  
  142  12:03  Marine x5  
  142  12:07  Missile Turret  
  142  12:08  Orbital Command  
  150  12:12  Marine  
  149  12:20  SCV  
  155  12:24  Missile Turret  
  152  12:34  SCV  
Show
View Real Time Build Order
Export as new Build Order

Perplex Zerg - Winner!

Build Orders: Hatch First 

Get SALT Encoding   

  12  0:00  Drone  
  13  0:14  Overlord  
  13  0:17  Drone  
  14  0:32  Drone x2  
  16  0:36  Drone  
  17  0:52  Hatchery  
  17  0:55  Drone  
  17  0:58  Drone  
  18  1:09  Extractor  
  17  1:12  Spawning Pool  
  17  1:16  Drone  
  17  1:19  Drone  
  18  1:30  Drone  
  19  1:40  Overlord  
  19  2:00  Queen  
  19  2:01  Zergling x2  
  22  2:02  Zergling x2  
  22  2:05  Roach Warren, Queen  
  24  2:10  Zergling x2  
  24  2:13  Drone  
  26  2:25  Overlord  
  26  2:45  Overlord  
  26  2:46  Roach x4  
  34  2:53  Extractor  
  33  2:59  Drone  
  33  3:02  Queen  
  36  3:16  Drone x4  
  36  3:19  Drone  
  41  3:23  Drone  
  42  3:28  Drone  
  42  3:29  Drone  
  42  3:31  Ravager  
  42  3:32  Ravager  
  46  3:36  Drone  
  46  3:39  Ravager  
  48  3:42  Drone  
  48  3:43  Drone  
  48  3:44  Ravager  
  51  3:58  Metabolic Boost  
  51  4:01  Overlord  
  51  4:04  Queen  
  51  4:05  Extractor  
  52  4:19  Overlord  
  52  4:23  Drone x7  
  59  4:26  Drone  
  60  4:35  Overlord  
  60  4:47  Hatchery  
  60  4:51  Queen  
  61  4:54  Drone x2  
  61  4:57  Drone x2  
  61  4:59  Drone  
  66  5:02  Drone  
  66  5:06  Lair  
  67  5:09  Drone x2  
  67  5:13  Drone x2  
  71  5:15  Extractor  
  70  5:24  Overlord, Drone x3  
  70  5:27  Drone x2  
  75  5:33  Drone  
  76  5:37  Overlord  
  76  5:44  Drone x3  
  76  5:45  Drone  
  81  5:50  Drone  
  81  5:56  Extractor x2  
  79  5:57  Drone  
  80  6:05  Spire, Overseer  
  80  6:06  Drone x2  
  80  6:07  Drone x4  
  80  6:08  Drone x2  
  80  6:10  Drone  
  88  6:20  Overlord  
  88  6:23  Evolution Chamber  
  88  6:25  Evolution Chamber  
  86  6:30  Drone x4  
  90  6:33  Drone  
  90  6:38  Roach x4  
  99  6:43  Overlord  
  99  6:44  Drone  
  100  6:53  Zerg Melee Weapons Level 1, Zerg Ground Armor Level 1  
  100  7:00  Overlord x2  
  100  7:04  Hatchery  
  99  7:09  Pneumatized Carapace  
  99  7:16  Mutalisk x7  
  99  7:19  Mutalisk x5  
  123  7:23  Overlord  
  123  7:24  Overlord  
  123  7:27  Zerg Flyer Weapons Level 1  
  123  7:33  Overlord  
  123  7:34  Roach x3  
  129  7:40  Overlord  
  129  7:42  Roach  
  129  7:43  Roach x3  
  137  7:45  Roach  
  137  7:47  Ravager x2  
  141  7:53  Zergling x2  
  141  7:54  Zergling x10  
  147  8:02  Ravager x2  
  147  8:03  Ravager  
  147  8:05  Overlord x2  
  150  8:06  Zergling x14  
  150  8:08  Ravager  
  144  8:26  Infestation Pit  
  135  8:28  Ravager x2  
  135  8:29  Zergling x24  
  135  8:30  Zergling x2  
  135  8:34  Mutalisk x2  
  133  9:03  Hive  
  133  9:06  Drone  
  133  9:07  Extractor, Drone x3  
  133  9:08  Extractor, Drone x2  
  133  9:09  Drone x3  
  141  9:10  Drone  
  141  9:11  Spore Crawler  
  141  9:12  Spine Crawler  
  139  9:20  Roach x4  
  147  9:28  Infestor x2  
  151  9:35  Zergling x30  
  166  9:42  Zerg Ground Armor Level 2, Zerg Melee Weapons Level 2  
  166  9:46  Ravager  
  166  9:47  Ravager  
  168  10:04  Hatchery  
  167  10:07  Zergling x2  
  167  10:09  Overlord x4  
  167  10:10  Overlord  
  168  10:18  Adrenal Glands  
  168  10:19  Ultralisk Cavern  
  167  10:22  Drone  
  163  10:41  Zergling x36  
  163  10:42  Zergling x6  
  176  10:47  Ravager x2  
  165  11:07  Chitinous Plating  
  165  11:09  Ultralisk x2  
  165  11:10  Ultralisk  
  172  11:15  Ultralisk x3  
  172  11:16  Ultralisk  
  168  11:24  Ultralisk  
  168  11:25  Zergling x6  
  172  11:38  Ultralisk  
  177  11:57  Ultralisk, Hatchery  
  180  12:03  Ultralisk  
  180  12:05  Zergling x10  
  197  12:26  Zergling x6  
Tags
 
Composition
MMM Bio
Matchup
TvZ
Player
Elazer
Add a new tag
Caveats
  • Supply blocks, unpowered buildings, or Contaminate may cause inaccurate times.
  • Supply counts are checked every 10 seconds.